AoeStats
← eltomooo

Arabia

505093516Analyzed
2v2 RM · 23d ago on Sep 7, 2026· 77m 44s· 4 players
Game mode
Random Map
Map size
Medium (4 player)
Population
200
Speed
Normal
Resources
Standard
Victory
Conquest
Starting age
Dark Age
Ending age
Imperial Age
RankedLock teamsTeams togetherTeam positionsShared explorationLock speedFull tech treeHidden civsTurbo modeCheats
Victory
Defeat
🇦🇷 Persians · Argentina
1290
+15
🇦🇷 Maya · Argentina
1250
+17
🇦🇷 Portuguese · Argentina
1289
-17
🇮🇹 Mongols · Italy
1251
-15
misspa
0:25 Loom
10:28 Feudal Age
11:14 Double-Bit Axe
17:09 Fletching
25:00 Castle Age
23:28 Scale Mail Armor
23:25 Horse Collar
24:14 Gold Mining
25:15 Forging
25:57 Bow Saw
25:59 Eagle Warrior
29:00 Chain Mail Armor
28:53 Squires
32:01 Iron Casting
37:28 Wheelbarrow
40:57 Stone Mining
50:30 Imperial Age
50:04 Bodkin Arrow
49:32 Crossbowman
50:45 Padded Archer Armor
51:14 Thumb Ring
50:35 Arbalester
51:59 Bracer
54:31 Leather Archer Armor
56:40 Ring Archer Armor
58:06 Conscription
59:01 Ballistics
61:15 Chemistry
61:29 Pikeman
63:35 Caravan
64:56 Capped Ram
66:32 Halberdier
69:54 Hul'che Javelineers
69:49 Elite Skirmisher
71:04 Plate Mail Armor
eltomooo
5:41 Loom
6:19 Loom
8:33 Feudal Age
9:23 Double-Bit Axe
9:27 Horse Collar
16:16 Scale Barding Armor
22:31 Castle Age
21:12 Bloodlines
21:05 Gold Mining
22:20 Light Cavalry
23:26 Chain Barding Armor
23:26 Bow Saw
27:46 Forging
34:29 Husbandry
36:41 Wheelbarrow
35:52 Town Watch
45:00 Imperial Age
44:12 Iron Casting
46:03 Plate Barding Armor
44:53 Cavalier
44:58 Heavy Camel Rider
49:47 Conscription
50:50 Pikeman
54:02 Blast Furnace
58:59 Hand Cart
58:42 Hussar
66:08 Caravan
69:05 Fletching
71:33 Heavy Plow
pity.grillo26
6:17 Loom
9:58 Feudal Age
10:34 Double-Bit Axe
12:03 Fletching
12:44 Padded Archer Armor
20:45 Town Watch
22:32 Wheelbarrow
26:22 Castle Age
24:29 Horse Collar
24:51 Gold Mining
26:25 Crossbowman
27:06 Bodkin Arrow
28:34 Ballistics
32:45 Leather Archer Armor
34:04 Thumb Ring
39:46 Husbandry
39:56 Bloodlines
44:31 Imperial Age
43:23 Hand Cart
45:20 Bracer
45:52 Ring Archer Armor
46:27 Chemistry
48:00 Conscription
49:00 Heavy Plow
49:53 Arquebus
49:53 Light Cavalry
52:13 Scale Barding Armor
52:18 Forging
54:33 Chain Barding Armor
54:48 Iron Casting
55:54 Plate Barding Armor
54:46 Cavalier
55:18 Elite Organ Gun
57:19 Blast Furnace
58:33 Circumnavigation
62:27 Fervor
62:37 Sanctity
64:29 Bow Saw
69:18 Crop Rotation
71:32 Murder Holes
71:48 Masonry
74:06 Architecture
73:42 Siege Engineers
Herbert Prohaska
5:06 Loom
9:08 Feudal Age
17:15 Wheelbarrow
17:20 Horse Collar
19:43 Double-Bit Axe
20:23 Bloodlines
20:20 Scale Barding Armor
21:01 Forging
26:09 Castle Age
27:32 Chain Barding Armor
29:28 Husbandry
33:18 Heavy Plow
34:42 Hand Cart
37:34 Pikeman
38:14 Squires
47:00 Imperial Age
45:23 Iron Casting
47:08 Heavy Camel Rider
49:00 Blast Furnace
53:57 Fletching
61:16 Light Cavalry
61:54 Hussar
66:12 Scale Mail Armor
Connection lost

Rejoining the realm…

Still unreachable

The connection could not be restored.

Session expired

The server has moved on; the page needs a fresh start.